 Dungeon Crawl Stone Soup version 0.30.0-20-g3b4254fcbd (webtiles) character file.

Game seed: 2471040332098139548

83 McKennaii the Trooper (level 4, -5/36 HPs)
             Began as a Demonspawn Fighter on June 2, 2023.
             Slain by an orc
             ... wielding a +0 flail
              (6 damage)
             ... on level 3 of the Dungeon.
             The game lasted 00:03:00 (1931 turns).

McKennaii the Trooper (Demonspawn Fighter)          Turns: 1931, Time: 00:03:00

Health: -5/36      AC:  6    Str: 19    XL:     4   Next: 22%
Magic:  4/4        EV:  9    Int:  9    God:
Gold:   44         SH:  5    Dex: 18    Spells: 3/3 levels left

rFire   + . .        a - +0 trident
rCold   + . .        c - +0 buckler
rNeg    . . .        b - +0 scale mail
rPois   .            (no helmet)
rElec   .            p - scarf {rC+ rF+}
rCorr   +            (no gloves)
SInv    .            (no boots)
Will    .....        (no amulet) Stlth
                     m - ring of resist corrosion
HPRegen 0.00/turn    o - +6 ring of dexterity
MPRegen 0.09/turn

%: no passive effects
@: inhibited regen, unable to drink
A: powered by pain 1, inhibited regeneration, inability to drink after injury 1
a: no special abilities


You were on level 3 of the Dungeon.
You visited 1 branch of the dungeon, and saw 3 of its levels.

You collected 154 gold pieces.
You spent 110 gold pieces at shops.

Inventory:

Hand Weapons
 a - a +0 trident (weapon)
Armour
 b - a +0 scale mail (worn)
 c - a +0 buckler (worn)
 p - a scarf of resistance (worn)
Jewellery
 m - a ring of resist corrosion (left hand)
 o - a +6 ring of dexterity (right hand)
Scrolls
 g - 3 scrolls of noise {unknown}
 j - 3 scrolls of teleportation {unknown}
 l - a scroll of fear {unknown}
 n - 2 scrolls of identify {unknown}
 r - a scroll of blinking {unknown}
Potions
 d - a potion of might
 e - a potion of brilliance {unknown}
 f - a potion of mutation
 h - a potion of curing {unknown}
 i - a potion of ambrosia {unknown}
 k - a potion of magic {unknown}
 q - a potion of flight {unknown}
 s - 2 potions of invisibility {unknown}


   Skills:
 + Level 3.6 Fighting
 + Level 0.6(1.6) Axes
 - Level 2.3(2.4) Polearms
 + Level 3.2 Armour
 + Level 3.2 Shields


You had 3 spell levels left.
You didn't know any spells.
Your spell library was empty.

Dungeon Overview and Level Annotations

Branches:
Dungeon (3/15)

Altars:

Shops:
D:2 !*(


Innate Abilities, Weirdness & Mutations

You sometimes gain a little power by taking damage.
You do not regenerate when monsters are visible.
You occasionally lose the ability to drink potions when taking damage.


Message History

* * * LOW HITPOINT WARNING * * *
Something hits you but does no damage.
Unknown command.
You closely miss something. You block something's attack.
The orc throws a boomerang.
Reactivating autopickup.
You feel a bit more experienced.
You have reached level 4!
You feel stronger. The orc attacks as you move away!
The orc hits you with a +0 flail.
* * * LOW HITPOINT WARNING * * *
The orc hits you with a +0 dagger.
* * * LOW HITPOINT WARNING * * *
The orc attacks as you move away! The orc barely misses you.
The orc attacks as you move away! The orc barely misses you.
The orc attacks as you move away! The orc hits you but does no damage.
The orc attacks as you move away! The orc hits you but does no damage.
The orc attacks as you move away! The orc hits you with a +0 flail.
* * * LOW HITPOINT WARNING * * *
The orc attacks as you move away! The orc hits you with a +0 flail.
* * * LOW HITPOINT WARNING * * *
The orc throws a boomerang.
The boomerang barely misses you. The orc attacks as you move away!
The orc barely misses you. The orc attacks as you move away!
The orc hits you but does no damage.
You see here a bat corpse.
The orc attacks as you move away! The orc hits you but does no damage.
The orc attacks as you move away! The orc hits you but does no damage.
The orc attacks as you move away! The orc hits you with a +0 flail.
* * * LOW HITPOINT WARNING * * *
The orc attacks as you move away! The orc barely misses you.
The orc attacks as you move away! The orc barely misses you.
Okay, then.
The orc attacks as you move away! The orc hits you with a +0 flail.
* * * LOW HITPOINT WARNING * * *
It was a potion of mutation.
You feel extremely strange.
Your regeneration stops near monsters.
You occasionally lose the ability to drink potions when taking damage.
The orc hits you with a +0 flail.
You feel threatened and lose the ability to drink potions!
You die...

#.......# ...########
#.......# ........##.
#.......# #######.##.
#.......# #..o.#. #.......#
#######.##.#.
+.......#######........#.†.
#..........o...........#.#.
##.....#####..........#.#.
#......o@.#..........#.#.
#(...####.#..........#.#.
#......<#.#............#.
###+#.###.#.........####.
#... .###+####### #.
####### #. #.


You could see an orc.

Vanquished Creatures
  Natasha (D:2)
  An adder (D:3)
  A worm (D:2)
  A dart slug (D:2)
  3 ball pythons (D:1)
  3 giant cockroaches
  2 hobgoblins
  2 kobolds
  A quokka (D:1)
  4 bats
  A frilled lizard (D:1)
  3 rats
23 creatures vanquished.

Vanquished Creatures (others)
  An orc wizard (D:3)
1 creature vanquished.

Grand Total: 24 creatures vanquished

Notes
Turn   | Place    | Note
-------+----------+-------------------------------------------
     0 | D:1      | McKennaii the Demonspawn Fighter began the quest for the
                  | Orb.
     0 | D:1      | Reached XP level 1. HP: 18/18 MP: 1/1
   211 | D:1      | Found a faded altar of an unknown god.
   302 | D:1      | Gained mutation: You sometimes gain a little power by
                  | taking damage. [demonic ancestry]
   302 | D:1      | Reached XP level 2. HP: 21/24 MP: 2/2
  1144 | D:2      | Found Wudwi's Distillery.
  1254 | D:2      | Noticed Natasha
  1258 | D:2      | Killed Natasha
  1259 | D:2      | Reached XP level 3. HP: 27/29 MP: 3/3
  1401 | D:2      | Found Waim's Assorted Antiques.
  1416 | D:2      | Bought a scroll labelled VIMEMI HEPPAU for 23 gold pieces
  1416 | D:2      | Bought a scroll labelled YPAFOA PESMAHU for 23 gold pieces
  1416 | D:2      | Bought a scroll labelled OPELLI TUOCVEA for 23 gold pieces
  1416 | D:2      | Bought 2 glowing puce potions for 41 gold pieces
  1590 | D:2      | Found Tusmuwic's Antique Weapon Emporium.
  1899 | D:3      | Reached XP level 4. HP: 11/36 MP: 4/4
  1929 | D:3      | HP: 1/36 [orc/+0 flail (4)]
  1931 | D:3      | Gained mutation: You do not regenerate when monsters are
                  | visible. [potion of mutation]
  1931 | D:3      | Gained mutation: You occasionally lose the ability to drink
                  | potions when taking damage. [potion of mutation]
  1931 | D:3      | Slain by an orc

Illustrated notes

Levels and vault maps discovered:
D:1:      mainiacjoe_arrival_reflecting_pool, layout_loops_corners,
          dreamdust_ecumenical_altar_hidden_monk_grotto, serial_bayou_pond_c
D:2:      layout_basic, serial_shops, shop, nicolae_shop_statue_plus,
          nicolae_shop_waterfront, kennysheep_nub, minmay_misc_feat_enclosed,
          uniq_natasha
D:3:      layout_basic, interstate_on_off, minmay_goblin_kobold_house

Skill      XL: |  1  2 |
---------------+-------+-----
Polearms       | 2 |  2.3
Armour         | 3 |  3.2
Shields        | 3 |  3.2
Fighting       | |  3.6
Axes           | |  0.6

Action                     |  1- 3 |  4- 6 || total
---------------------------+-------+-------++-------
  Melee: Trident           |   146 |       ||   146
    Use: Potion            |       |     1 ||     1
 Armour: Scale mail        |    65 |     5 ||    70
  Dodge: Dodged            |    37 |     6 ||    43
  Block: Buckler           |    28 |       ||    28
